 Dungeon Crawl Stone Soup version 0.29-a0-925-g0a7a3d12f8 (webtiles) character file.

Game seed: 16239607994579625393

1967 mainiacjoe the Ruffian (level 9, -8/88 HPs)
             Began as a Troll Fighter on July 29, 2022.
             Was an Initiate of Qazlal.
             Mangled by an orc warrior
             ... wielding a +0 short sword
              (10 damage)
             ... on level 6 of the Dungeon.
             The game lasted 00:19:42 (5401 turns).

mainiacjoe the Ruffian (Troll Fighter)              Turns: 5401, Time: 00:19:43

Health: -8/88      AC:  7    Str: 26    XL:     9   Next: 0%
Magic:  9/9        EV: 10    Int:  4    God:    Qazlal [......]
Gold:   318        SH:  9    Dex: 13    Spells: 8/8 levels left

rFire   + . .      SeeInvis .     - Unarmed
rCold   . . .      Faith    .   B - +0 kite shield
rNeg    . . .      Spirit   .   a - +0 robe
rPois   .          Reflect  .   (helmet restricted)
rElec   .          Harm     .   z - +2 cloak
rCorr   .          Rampage  .   (gloves unavailable)
Will    .....                   (boots unavailable)
Stlth   +.........              h - amulet of the acrobat
HPRegen 1.04/turn               q - ring of protection from fire
MPRegen 0.11/turn               (no ring)

@: slowed, very slow
A: large, unfitting armour, claws 3, regeneration 1, shaggy fur 1, tough skin 1
a: Renounce Religion


You were on level 6 of the Dungeon.
You worshipped Qazlal.
Qazlal was noncommittal.
You visited 2 branches of the dungeon, and saw 8 of its levels.

You collected 440 gold pieces.
You spent 122 gold pieces at shops.

Inventory:

Hand Weapons
 b - a +1 sling
Missiles
 l - 6 javelins {=F}
 A - 16 stones (quivered)
Armour
 a - a +0 robe (worn)
 z - a +2 cloak (worn)
 B - a +0 kite shield (worn)
Jewellery
 h - an amulet of the acrobat (around neck)
 q - a ring of protection from fire (left claw)
 x - an amulet of guardian spirit
Wands
 p - a wand of mindburst (10)
 y - a wand of charming (10)
 E - a wand of iceblast (6)
Scrolls
 e - 2 scrolls of fog
 f - 4 scrolls of teleportation
 g - a scroll of poison
 i - a scroll of torment
 j - 3 scrolls of fear
 k - a scroll of vulnerability
 m - a scroll of immolation
 n - a scroll of silence
 o - 2 scrolls of enchant armour
 t - a scroll of blinking
 v - a scroll of magic mapping
Potions
 c - 2 potions of might
 d - 2 potions of lignification
 r - 2 potions of berserk rage
 s - 2 potions of mutation
 u - a potion of haste {unknown}
 w - 3 potions of heal wounds
 C - a potion of curing
 D - a potion of attraction


   Skills:
 - Level 5.0 Fighting
 - Level 5.0 Dodging
 - Level 5.0 Shields
 + Level 7.5 Unarmed Combat
 + Level 2.3 Invocations


You had 8 spell levels left.
You didn't know any spells.
Your spell library contained the following spells:

 Spells                   Type           Power      Damage    Failure   Level
 Shock                    Conj/Air       0%         1d3       77%         1
 Call Canine Familiar     Summ           0%         N/A       98%         3
 Ozocubu's Armour         Ice            0%         N/A       98%         3
 Portal Projectile        Hex/Tloc       0%         N/A       98%         3
 Swiftness                Air            0%         N/A       98%         3
 Airstrike                Air            0%         0-1+      100%        4
 Leda's Liquefaction      Hex/Erth       0%         N/A       100%        4
 Ozocubu's Refrigeration  Ice            0%         4d5       100%        7


Dungeon Overview and Level Annotations

Branches:
Dungeon (7/15)             Temple (1/1) D:5

Altars:
Ashenzari
Cheibriados
Dithmenos
Elyvilon
Fedhas
Gozag
Kikubaaqudgha
Makhleb
Nemelex Xobeh
Qazlal
Ru
Trog
Uskayaw
Vehumet
Wu Jian
Zin
The Shining One

Shops:
D:6 !:[:*


Innate Abilities, Weirdness & Mutations

You are too large for most types of armour.
You have claws for hands.
Your natural rate of healing is unusually fast.
You are covered in fur. (AC +1)
You have tough skin. (AC +1)


Message History

You scratch the hornet.
The hornet is lightly wounded.
You feel very sick. The hornet stings you.
You feel as though you will be slow longer.
You block the orc warrior's attack. The hornet barely misses you.
You block the orc warrior's attack.
You miss the hornet.
The hornet is lightly wounded.
You feel sick. The hornet barely misses you. You block the hornet's attack.
The orc warrior closely misses you.
You claw the hornet!
The hornet is moderately wounded.
You feel sick. You block the hornet's attack.
You block the orc warrior's attack.
The hornet stings you but does no damage.
The orc warrior hits you with a +0 short sword.
The hornet stings you!
* * * LOW HITPOINT WARNING * * *
You feel as though you will be slow longer.
You barely miss the hornet.
The hornet is moderately wounded.
You feel sick. The hornet misses you.
The orc warrior hits you with a +0 short sword!
* * * LOW HITPOINT WARNING * * *
The hornet barely misses you.
You claw the hornet!
The hornet is severely wounded.
You feel sick. The hornet barely misses you. The orc warrior barely misses you.
The hornet stings you!
* * * LOW HITPOINT WARNING * * *
You feel as though you will be slow longer.
You block the orc warrior's attack.
You closely miss the hornet.
The hornet is severely wounded.
You feel sick.
You are no longer poisoned.
You block the hornet's attack.
The orc warrior hits you with a +0 short sword!
You die... .♣..P# #P.P...P.P.P# #........ ....## #PPP.PPPPPPP#

#........ P...#
#P.....P...P# #........
##♣P# #P.P.P.P.PPP##
#........ ###
#P.P.P...P...###........
##PPP.P.P.P.P............
#.....P.P...P####........
#########.PPPPPPPoPPP#
###.####.
..........#.....@y..##
#......
........###...÷.....#
#...... ........#
#.........# #......
........# #.........#
#...... ........#
#.........# #......
........# #.........#
#.....# ........#
#.......### ########
........#
##########♣♣♣♣♣♣8♣♣♣♣♣♣
........#
#................


You could see a hornet and an orc warrior.

Vanquished Creatures
  Pikel (D:4)
  Prince Ribbit (D:6)
  Eustachio (D:6)
  Duvessa (D:4)
  A black bear (D:6)
  2 ice beasts
  An ogre (D:5)
  A centaur (D:5)
  A necrophage (D:5)
  3 scorpions
  Dowan (D:4)
  A howler monkey (D:4)
  2 jellies
  2 hounds (D:5)
  Ijyb (D:5)
  3 gnolls
  4 adders
  A white imp (D:6)
  2 ufetubi
  2 worms (D:4)
  2 dart slugs (D:4)
  11 orcs
  4 bats
  6 endoplasms
  4 giant cockroaches
  13 hobgoblins
  3 jackals (D:2)
  9 quokkas
  6 ball pythons
  5 frilled lizards
  6 goblins
  8 kobolds
  8 rats
117 creatures vanquished.

Vanquished Creatures (others)
  12 plants (D:2)
12 creatures vanquished.

Grand Total: 129 creatures vanquished

Notes
Turn   | Place    | Note
-------+----------+-------------------------------------------
     0 | D:1      | mainiacjoe the Troll Fighter began the quest for the Orb.
     0 | D:1      | Reached XP level 1. HP: 22/22 MP: 0/0
   207 | D:1      | Reached XP level 2. HP: 29/29 MP: 1/1
  1040 | D:2      | Found a faded altar of an unknown god.
  1172 | D:2      | Reached XP level 3. HP: 36/36 MP: 2/2
  1216 | D:2      | Found an ancient bone altar of Kikubaaqudgha.
  1541 | D:2      | Reached skill level 3 in Unarmed Combat
  1541 | D:2      | Reached XP level 4. HP: 34/45 MP: 3/3
  2885 | D:4      | Noticed a scorpion
  2892 | D:4      | Killed a scorpion
  2893 | D:4      | Reached XP level 5. HP: 51/53 MP: 4/4
  3140 | D:4      | Reached skill level 4 in Unarmed Combat
  3154 | D:4      | Found a glowing golden altar of the Shining One.
  3173 | D:4      | Noticed Pikel
  3182 | D:4      | Noticed a lemure
  3183 | D:4      | Noticed a lemure
  3184 | D:4      | Noticed a lemure
  3188 | D:4      | Killed Pikel
  3189 | D:4      | Reached skill level 5 in Unarmed Combat
  3189 | D:4      | Reached XP level 6. HP: 56/63 MP: 2/5
  3189 | D:4      | Reached XP level 7. HP: 63/71 MP: 2/6
  3242 | D:4      | Found a stormy altar of Qazlal.
  3243 | D:4      | Found a hide-covered altar of Uskayaw.
  3266 | D:4      | Noticed Duvessa
  3285 | D:4      | Killed Duvessa
  3289 | D:4      | Noticed Dowan
  3315 | D:4      | Killed Dowan
  3331 | D:4      | Found a sparkling altar of Nemelex Xobeh.
  3655 | D:4      | Found a radiant altar of Vehumet.
  3688 | D:4      | Found an ancient bone altar of Kikubaaqudgha.
  3895 | D:4      | Became a worshipper of Qazlal Stormbringer
  3919 | D:5      | Entered Level 5 of the Dungeon
  3991 | D:5      | Found a staircase to the Ecumenical Temple.
  3999 | D:5      | Reached skill level 5 in Fighting
  3999 | D:5      | Reached XP level 8. HP: 71/80 MP: 7/7
  4009 | Temple   | Entered the Ecumenical Temple
  4105 | D:5      | Reached skill level 6 in Unarmed Combat
  4120 | D:5      | Noticed Ijyb
  4126 | D:5      | Killed Ijyb
  4458 | D:5      | Found a bloodstained altar of Trog.
  4520 | D:6      | Found Qytun Georph's Distillery.
  4546 | D:6      | Found Cumpuama's Book Boutique.
  4595 | D:6      | Found Qytiovon's Antique Armour Shoppe.
  4627 | D:6      | Found Ukhletriwk's Vocational Training.
  4693 | D:6      | Found Veggex's General Store.
  4701 | D:6      | Bought 2 scrolls of identify for 44 gold pieces
  4817 | D:6      | Reached skill level 5 in Shields
  4817 | D:6      | Reached skill level 7 in Unarmed Combat
  4819 | D:6      | Noticed Eustachio
  4833 | D:6      | Killed Eustachio
  4834 | D:6      | Reached skill level 1 in Invocations
  4855 | D:6      | Bought a potion of curing for 39 gold pieces
  4855 | D:6      | Bought a potion of attraction for 39 gold pieces
  5020 | D:6      | Found an ornate altar of the Wu Jian Council.
  5051 | D:6      | Noticed Prince Ribbit
  5068 | D:6      | Killed Prince Ribbit
  5069 | D:6      | Reached skill level 5 in Dodging
  5247 | D:6      | Reached XP level 9. HP: 74/88 MP: 9/9
  5400 | D:6      | HP: 1/88 [hornet (10)]
  5401 | D:6      | Mangled by an orc warrior

Illustrated notes

Levels and vault maps discovered:
D:1:      dpeg_arrival_tiny_d, layout_loops_corners
D:2:      wad_woods_stonehenge, layout_basic, hellmonk_ecumenical_altar_blasted,
          kennysheep_generic_room_9
D:3:      layout_basic, kennysheep_decorative_pillar
D:4:      minmay_general_purpose_star, layout_loops_ring, amcnicky_altar_gilded,
          mainiacjoe_overflow_big_doors, kennysheep_little_box,
          lemuel_coloured_pillars_altar,
          hangedman_abyss_or_decor_jellyfish_corner, minmay_ruined_shrine,
          uniq_duvessa, uniq_pikel
D:5:      layout_basic, trog_book, minmay_temple_entry_offerings, uniq_ijyb
D:6:      layout_basic, pdpol_wu_jian_five_deadly_venoms, serial_shops, shop,
          shop, nicolae_shop_waterfront, kennysheep_mini_moat,
          serial_bayou_pond_a, dreamdust_princess_corridor, minmay_hedge_maze,
          nicolae_shop_vocational, uniq_eustachio, uniq_prince_ribbit1
D:7:      layout_basic, lemuel_tele_altar, chequers_serial_rivers_marsh,
          st_stairs_9, kennysheep_cluttered_room, chequers_serial_rivers_room_a
Temple:   zaba_magenta_temple

Skill      XL: |  1  2  3  4  5  6  7  8 |
---------------+-------------------------+-----
Shields        | 3 4 5 |  5.0
Fighting       | 3 4 5 |  5.0
Unarmed Combat | 3 5 7 |  7.5
Dodging        | 3 4 5 |  5.0
Invocations    | 2 |  2.3

Action                   |  1- 3 |  4- 6 |  7- 9 || total
-------------------------+-------+-------+-------++-------
Melee: Unarmed           |   132 |   108 |   103 ||   343
 Fire: Sling             |       |       |    38 ||    38
Throw: Stone             |     7 |    27 |    21 ||    55
       Dart              |    17 |    11 |       ||    28
       Javelin           |     1 |       |     1 ||     2
       Boomerang         |       |    38 |       ||    38
Evoke: Wand              |       |     2 |     7 ||     9
  Use: Scroll            |       |     9 |    11 ||    20
 Stab: Sleeping          |       |       |     1 ||     1
Armor: Robe              |    31 |    12 |    42 ||    85
Dodge: Dodged            |    54 |    36 |    43 ||   133
Block: Kite shield       |    43 |    32 |    71 ||   146

Table legend: (Time is in decaauts)
 A = Elapsed time spent in this place.
 B = Non-inter-level travel time spent in this place.
 C = Inter-level travel time spent in this place.
 D = Time resting spent in this place.
 E = Time spent auto-exploring this place.
 F = Levels seen in this place.
 G = Mean time per level.
                   A        B        C        D        E       F      G
               +--------+--------+--------+--------+--------+-----+--------+
         Total |   5467 |   5201 |    266 |     14 |   4026 |   8 |  683.4 |
       Dungeon |   5393 |   5136 |    257 |     14 |   3976 |   7 |  770.4 |
        Temple |     73 |     64 |      9 |      0 |     50 |   1 |   73.0 |
               +--------+--------+--------+--------+--------+-----+--------+

Top non-repeatable levels by time:
     D:4: 1175 daAuts
     D:2: 1141 daAuts
     D:1: 979 daAuts
     D:6: 919 daAuts
     D:3: 675 daAuts
     D:5: 494 daAuts
  Temple: 73 daAuts
     D:7: 8 daAuts
